 Dungeon Crawl Stone Soup version 0.21.1-1-g345015f (webtiles) character file.

173425 vatarom the Lord of Darkness (level 17, -6/135 HPs)
             Began as a Demonspawn Necromancer on Mar 22, 2018.
             Was the Champion of Kikubaaqudgha.
             Mangled by a wolf spider (8 damage)
             ... on level 4 of the Spider Nest.
             The game lasted 02:08:22 (33924 turns).

vatarom the Lord of Darkness (DsNe)                Turns: 33924, Time: 02:08:23

Health: -6/135     AC: 11    Str: 17 (18) XL:     17   Next: 18%
Magic:  2/32       EV: 18    Int: 23 (24) God:    Kikubaaqudgha [******]
Gold:   319        SH:  0    Dex:  9 (10) Spells: 7/39 levels left

rFire    + + .     SeeInvis .   F - staff of death
rCold    + + +     Gourm    .   (no shield)
rNeg     + . .     Faith    .   v - +2 robe {rC+}
rPois    +         Spirit   .   (helmet unavailable)
rElec    .         Reflect  .   k - scarf {rC+ rF+}
rCorr    .         Harm     .   d - +2 pair of gloves
MR       ++...                  (no boots)
Stlth    ++........             (no amulet)
HPRegen  1.32/turn              R - ring of Pueta {MR+ EV+4 Str+4 Int+6 Dex-4}
MPRegen  0.23/turn              P - ring of poison resistance

@: lethally poisoned (-6 -> -6), regenerating
A: fangs 1, horns 3, molten scales 3, cold resistance 1, demonic guardian 2
}: 1/15 runes: barnacled
a: Receive Corpses, Torment, Renounce Religion


You were on level 4 of the Spider Nest.
You worshipped Kikubaaqudgha.
Kikubaaqudgha was exalted by your worship.
You were not hungry.

You visited 6 branches of the dungeon, and saw 32 of its levels.
You also visited: Volcano.

You collected 2222 gold pieces.
You spent 1903 gold pieces at shops.

Inventory:

Missiles
 q - 7 throwing nets (quivered)
Armour
 a - a +2 robe
 d - a +2 pair of gloves (worn)
 j - a +2 hat of see invisible
 k - a scarf of resistance (worn)
 v - a +2 robe of cold resistance (worn)
Magical Staves
 F - an uncursed staff of death (weapon)
Jewellery
 I - an uncursed ring of magical power
 P - a ring of poison resistance (right hand)
 R - the ring of Pueta (left hand) {MR+ EV+4 Str+4 Int+6 Dex-4}
   (You bought it in a shop on level 2 of the Orcish Mines)

   [ring of evasion]

   It affects your evasion (+4).
   It affects your strength (+4).
   It affects your intelligence (+6).
   It affects your dexterity (-4).
   It affects your resistance to hostile enchantments.
 V - an uncursed ring of resist corrosion {unknown}
 W - an uncursed ring of wizardry {unknown}
Wands
 e - a wand of digging (41)
 u - a wand of polymorph (31)
 w - a wand of scattershot (2)
 x - a wand of flame (21)
 C - a wand of acid (5)
 E - a wand of paralysis (12)
 G - a wand of clouds (19)
 H - a wand of disintegration (3)
 J - a wand of iceblast (24)
Scrolls
 c - 11 scrolls of remove curse
 g - 2 scrolls of teleportation
 l - 7 scrolls of identify
 o - 2 scrolls of enchant armour
 r - a scroll of summoning
 s - 6 scrolls of fog
 z - 6 scrolls of amnesia
 D - 2 scrolls of enchant weapon
 K - a scroll of magic mapping
 S - 2 scrolls of vulnerability
Potions
 h - 6 potions of lignification
 i - 2 potions of agility
 m - 6 potions of degeneration
 n - 4 potions of resistance
 p - 2 potions of might
 A - 9 potions of curing
 B - 8 potions of brilliance
 L - 2 potions of ambrosia
 N - a potion of cancellation
 O - a potion of berserk rage
 Q - a potion of haste
 X - a potion of invisibility {unknown}
Books
 b - a book of Necromancy

   Spells                             Type                      Level
   a - Pain                           Necromancy                   1
   b - Animate Skeleton               Necromancy                   1
   c - Vampiric Draining              Necromancy                   3
   d - Regeneration                   Charms/Necromancy            3
   e - Animate Dead                   Necromancy                   4
   f - Borgnjor's Vile Clutch         Necromancy/Earth             5
 f - Kikubaaqudgha's Tome of Necromancy
   (Kikubaaqudgha gifted it to you on level 4 of the Dungeon)

   Spells                             Type                      Level
   a - Pain                           Necromancy                   1
   b - Corpse Rot                     Necromancy                   2
   c - Sublimation of Blood           Necromancy                   2
   d - Vampiric Draining              Necromancy                   3
 y - Kikubaaqudgha's Volume of Darkness
   (Kikubaaqudgha gifted it to you on level 8 of the Dungeon)

   Spells                             Type                      Level
   a - Animate Dead                   Necromancy                   4
   b - Bolt of Draining               Conjuration/Necromancy       5
   c - Borgnjor's Vile Clutch         Necromancy/Earth             5
   d - Dispel Undead                  Necromancy                   5
   e - Simulacrum                     Ice/Necromancy               6
 M - a Necronomicon

   Spells                             Type                      Level
   a - Haunt                          Necromancy/Summoning         7
   b - Borgnjor's Revivification      Necromancy                   8
   c - Death's Door                   Charms/Necromancy            8
   d - Infestation                    Necromancy                   8
   e - Necromutation                  Transmutation/Necromancy     8
 U - a book of Spatial Translocations

   Spells                             Type                      Level
   a - Blink                          Translocation                2
   b - Shroud of Golubria             Charms/Translocation         2
   c - Lesser Beckoning               Translocation                3
   d - Gell's Gravitas                Translocation                3
   e - Teleport Other                 Translocation                3
   f - Passage of Golubria            Translocation                4
Miscellaneous
 T - a lightning rod (4/4)
Comestibles
 t - 16 rations


   Skills:
 + Level 12.5 Fighting
   Level 0.6(6.7) Maces & Flails
 + Level 10.5 Staves
 - Level 5.0 Armour
 - Level 6.6 Dodging
 - Level 2.0 Stealth
 + Level 11.7 Spellcasting
 - Level 2.9 Charms
 * Level 18.7 Necromancy
 - Level 3.4 Earth Magic
 * Level 12.2 Evocations


You had 7 spell levels left.
You knew the following spells:

 Your Spells              Type           Power        Failure   Level  Hunger
a - Pain                  Necr           ####         0%          1    None
b - Animate Skeleton      Necr           N/A          0%          1    None
c - Vampiric Draining     Necr           #######...   0%          3    None
d - Regeneration          Chrm/Necr      #######...   1%          3    None
e - Animate Dead          Necr           N/A          1%          4    None
f - Sublimation of Blood  Necr           #######...   0%          2    None
g - Borgnjor's Vile Clut  Necr/Erth      #######...   1%          5    ####...
h - Dispel Undead         Necr           #######.     1%          5    ####...
i - Infestation           Necr           #######...   14%         8    #######


Dungeon Overview and Level Annotations

Branches:
Dungeon (15/15)            Temple (1/1) D:5            Lair (6/6) D:8
 Shoals (4/4) Lair:4       Spider (4/4) Lair:4        Slime (0/5) Lair:6
    Orc (2/2) D:12            Elf (0/3) Orc:2        Vaults (0/5) D:14
 Depths (0/5) D:15

Altars:
Ashenzari
Cheibriados
Dithmenos
Elyvilon
Fedhas
Gozag
Hepliaklqana
Kikubaaqudgha
Makhleb
Nemelex Xobeh
Okawaru
Qazlal
Ru
Sif Muna
Trog
Uskayaw
Vehumet
Wu Jian
Xom
Yredelemnul
Zin
The Shining One

Shops:
D:7 =   D:8 *   D:9 (::%   Orc:1 !   Orc:2 :=*%   Shoals:3 *

Annotations:
D:6 exclusions: 2 ugly things and 1 more exclusion
D:7 2 transporters
Spider:2 exclusion: Roxanne, Roxanne


Innate Abilities, Weirdness & Mutations

You have a pair of large horns on your head.
You are completely covered in molten scales. (AC +4, rF+)
Your flesh is cold resistant. (rC+)
A demonic guardian rushes to your aid.
You have very sharp teeth.


Message History

You feel sick.
A moth of wrath comes into view.
The moth of wrath's fur bristles in rage as it notices you.
The wolf spider hits you!
* * * LOW HITPOINT WARNING * * *
The wolf spider bites you.
* * * LOW HITPOINT WARNING * * *
Your death scarab misses the redback.
The wolf spider barely misses your death scarab.
The wolf spider bites your death scarab!
Your death scarab is destroyed!
The wolf spider hits you.
* * * LOW HITPOINT WARNING * * *
The wolf spider closely misses you. x2; The wolf spider bites you!
* * * LOW HITPOINT WARNING * * *
The redback misses you.
The wolf spider hits you but does no damage.
The wolf spider bites you!
You die...
Kikubaaqudgha rasps: "You have failed me!
Welcome... death!"

...............^.....
...............^}...
#...... ...#....
....... .........
..... #........
####''s#### #......^
#.........# #......
##....ss...## ##.....
#...^.@s.s..# ##....
#...#.s.s.#...# #....
. ##.s.## . ##<.^
..... #<.. y...y.[
###. .....s..s ##
.#.......#.
s###.^...###.


You could see a spark wasp, 5 wolf spiders, a moth of wrath and 6 redbacks.

Vanquished Creatures
  Bai Suzhen (Shoals:3)
  Nikola (Shoals:1)
  Kirke (Shoals:1)
  3 ghost moths
  2 emperor scorpions
  A dire elephant (Lair:6)
  4 merfolk javelineers (Shoals:4)
  4 merfolk impalers
  Fannar (D:11)
  A fire dragon (D:14)
  5 hydras
  A merfolk aquamancer (Shoals:4)
  2 centaur warriors
  A dancing weapon (D:14)
  5 two-headed ogres
  2 death yaks (Lair:5)
  Urug (Lair:3)
  An unseen horror (shapeshifter) (D:15)
  3 unseen horrors
  A deep troll (Orc:2)
  A sea snake (Shoals:1)
  2 wizards (D:15)
  Pikel (D:5)
  4 harpies
  A wolf spider zombie (D:15)
  2 orc sorcerers
  6 orb spiders
  6 wolf spiders
  2 salamanders (Volcano)
  3 ugly things (D:15)
  An orc knight (Orc:2)
  4 fauns (Shoals:1)
  6 cyclopes
  10 manticores
  5 merfolk sirens
  A guardian serpent (shapeshifter) (D:13)
  4 elephants
  A naga mage (D:15)
  A moth of wrath (Lair:4)
  2 gargoyles
  4 black mambas
  3 water nymphs
  4 centaur zombies
  2 torpor snails
  7 spiny frogs
  A kobold demonologist (D:9)
  A yaktaur (D:15)
  4 komodo dragons
  3 demonic crawlers
  2 wind drakes
  16 jumping spiders
  18 merfolk
  2 polar bears
  6 trolls
  2 tengu conjurers
  4 hornets
  3 meliai zombies
  3 snapping turtles
  A blink frog (Lair:3)
  5 hippogriffs
  3 dream sheep
  2 slime creatures (Lair:6)
  A shadow (D:11)
  2 centaur simulacra (D:15)
  20 redbacks
  A water elemental (Shoals:1)
  A vampire (D:14)
  A fire bat (Volcano)
  2 tarantellas (Spider:3)
  19 yaks
  A wraith (D:15)
  A basilisk (Lair:6)
  4 wyverns
  A hungry ghost (D:9)
  3 hogs (Shoals:1)
  The ghost of Redear the Ruffian, an amateur DrTm of Xom (D:4)
  2 vampire mosquitoes (D:13)
  Menkaure (D:4)
  An acid dragon (D:9)
  4 porcupines
  8 water moccasins
  2 black bears
  11 orc warriors
  A sky beast (D:11)
  4 hell hounds
  3 ice beasts
  22 wolves
  16 ogres
  20 centaurs
  7 crocodiles
  Blork the orc (D:6)
  5 big kobolds
  13 bullfrogs
  2 wyvern skeletons
  5 scorpions
  5 killer bees
  5 wights
  3 electric eels
  5 howler monkeys
  2 bullfrog zombies (D:11)
  10 crimson imps
  5 hounds
  2 quasits
  4 orc priests
  5 jellies
  16 orc wizards
  A bullfrog skeleton (D:11)
  Crazy Yiuf (D:6)
  6 centaur skeletons
  Natasha (twice) (D:3)
  2 iguanas
  9 worker ants
  2 howler monkey skeletons
  3 worker ant zombies
  4 gnolls
  8 adders
  9 shadow imps
  An ooze (D:3)
  2 adder skeletons
  An adder zombie (D:6)
  A worm (D:2)
  6 leopard geckos
  54 orcs
  4 bats (D:1)
  3 giant cockroaches
  4 goblins
  7 hobgoblins
  A jackal (D:3)
  17 kobolds
  3 quokkas
  2 ball pythons (D:1)
  5 frilled lizards
  A jackal zombie (D:6)
  A quokka zombie (D:7)
  6 rats
  A fungus (Lair:5)
  15 plants
630 creatures vanquished.

Vanquished Creatures (collateral kills)
  Arachne (Spider:4)
  Gastronok (Lair:1)
  Donald (Shoals:3)
  Agnes (Spider:1)
  Polyphemus (Shoals:4)
  Ilsuiw (Shoals:4)
  A frost giant (Shoals:4)
  An emperor scorpion (Spider:2)
  An entropy weaver (Spider:1)
  A spark wasp (Spider:4)
  6 merfolk javelineers
  2 merfolk impalers (Shoals:4)
  4 hydras
  Erica (Lair:1)
  A merfolk avatar (Lair:6)
  2 merfolk aquamancers (Shoals:4)
  A centaur warrior (D:15)
  A dancing weapon (D:14)
  A catoblepas (Shoals:4)
  10 two-headed ogres
  5 death yaks
  2 ogre magi (Orc:2)
  An unseen horror (D:11)
  A deep troll (Orc:2)
  8 sea snakes
  A necromancer (D:15)
  4 harpies
  An orc knight (Orc:2)
  An oklob plant (Lair:5)
  4 ugly things
  17 wolf spiders
  9 manticores
  A cyclops (Orc:2)
  11 orb spiders
  4 centaur zombies
  A moth of wrath (Spider:1)
  6 elephants
  2 water nymphs (Shoals:4)
  A gargoyle (D:9)
  4 black mambas
  3 spiny frogs
  3 rime drakes (Lair:6)
  7 demonic crawlers
  8 komodo dragons
  2 hellwings (D:10)
  5 trolls (Orc:2)
  11 merfolk
  A polar bear (Lair:6)
  5 hornets
  21 jumping spiders
  5 wind drakes
  A slime creature (Lair:6)
  16 dream sheep
  4 hippogriffs
  A shadow (D:15)
  3 snapping turtles
  2 blink frogs (Lair:3)
  6 tarantellas
  A vampire (D:9)
  24 redbacks
  4 water elementals
  A wraith (D:9)
  2 wyverns
  19 yaks
  A basilisk (Lair:3)
  A vampire mosquito (D:13)
  8 water moccasins
  4 porcupines
  4 orc warriors
  3 necrophages
  A phantom (D:8)
  10 ogres
  3 centaurs
  18 wolves
  5 crocodiles
  4 big kobolds
  4 bullfrogs
  A scorpion (D:6)
  A wyvern skeleton (D:8)
  6 killer bees
  An electric eel (Spider:1)
  A crimson imp (D:12)
  A jelly (Lair:6)
  3 orc priests (Orc:2)
  2 hounds
  An iguana (D:11)
  6 orc wizards
  A worker ant (D:13)
  Natasha (D:3)
  A hound skeleton (D:5)
  4 gnolls (D:9)
  A howler monkey skeleton (D:11)
  An adder (D:4)
  A howler monkey simulacrum (D:9)
  A dart slug (D:1)
  2 leopard geckos
  9 orcs
  A giant cockroach (D:8)
  A hobgoblin (D:1)
  A jackal (D:3)
  8 kobolds
  A leopard gecko skeleton (D:4)
  10 plants
411 creatures vanquished.

Vanquished Creatures (others)
  An orb spider (Spider:1)
  A slave (D:5)
  A crimson imp (D:5)
  A worker ant (D:5)
  A killer bee zombie (D:6)
  A hound skeleton (D:5)
  A howler monkey zombie (D:6)
  3 orcs (D:5)
  4 jackals (D:5)
  14 fungi (Lair:6)
  26 plants
  A withered plant (D:10)
55 creatures vanquished.

Grand Total: 1096 creatures vanquished

Notes
Turn   | Place    | Note
-------+----------+-------------------------------------------
     0 | D:1      | vatarom the Demonspawn Necromancer began the quest for the Orb.
     0 | D:1      | Reached XP level 1. HP: 13/13 MP: 3/3
    39 | D:1      | Learned a level 1 spell: Animate Skeleton
   318 | D:1      | Gained mutation: A weak demonic guardian rushes to your aid. [demonic ancestry]
   318 | D:1      | Reached XP level 2. HP: 8/19 MP: 0/5
  1127 | D:1      | Reached skill level 5 in Necromancy
  1127 | D:1      | Gained mutation: You have a pair of small horns on your head. [demonic ancestry]
  1127 | D:1      | Reached XP level 3. HP: 23/24 MP: 3/6
  1190 | D:1      | Learned a level 3 spell: Vampiric Draining
  1621 | D:2      | Found a snail-covered altar of Cheibriados.
  2022 | D:2      | Reached skill level 1 in Fighting
  2022 | D:2      | Gained mutation: You are partially covered in molten scales. (AC +2) [demonic ancestry]
  2022 | D:2      | Reached XP level 4. HP: 12/32 MP: 7/7
  2806 | D:3      | Found an ancient bone altar of Kikubaaqudgha.
  2823 | D:3      | Became a worshipper of Kikubaaqudgha
  2837 | D:3      | Noticed Natasha
  2846 | D:3      | Killed Natasha
  2987 | D:3      | Noticed Natasha
  2991 | D:3      | Learned a level 3 spell: Regeneration
  2993 | D:3      | Killed Natasha
  2993 | D:3      | Reached XP level 5. HP: 34/38 MP: 2/9
  3220 | D:3      | Noticed Natasha
  3237 | D:3      | Killed Natasha
  3306 | D:3      | Found a sacrificial altar of Ru.
  3434 | D:4      | Noticed Redear's ghost (amateur DrTm)
  3485 | D:4      | Noticed Menkaure
  3554 | D:4      | Killed Menkaure
  3554 | D:4      | Reached skill level 6 in Necromancy
  3554 | D:4      | Reached XP level 6. HP: 15/47 MP: 10/10
  3933 | D:4      | Reached * piety under Kikubaaqudgha
  3933 | D:4      | Identified Kikubaaqudgha's Tome of Necromancy (Kikubaaqudgha gifted it to you on level 4 of the Dungeon)
  3933 | D:4      | Received a gift from Kikubaaqudgha
  4096 | D:4      | Killed Redear's ghost
  4096 | D:4      | Reached XP level 7. HP: 45/54 MP: 12/12
  4131 | D:4      | Learned a level 4 spell: Animate Dead
  4335 | D:4      | Gained mutation: You are mostly covered in molten scales. (AC +3) [potion of mutation]
  4335 | D:4      | Gained mutation: You have very sharp teeth. [potion of mutation]
  4370 | D:5      | Entered Level 5 of the Dungeon
  4379 | D:5      | Reached skill level 7 in Necromancy
  4380 | D:5      | Found a burning altar of Makhleb.
  4527 | D:5      | Found a staircase to the Ecumenical Temple.
  4560 | D:5      | Noticed Pikel
  4560 | Temple   | Entered the Ecumenical Temple
  4767 | D:5      | Killed Pikel
  4767 | D:5      | Reached skill level 5 in Fighting
  4767 | D:5      | Reached skill level 8 in Necromancy
  4767 | D:5      | Gained mutation: A demonic guardian rushes to your aid. [demonic ancestry]
  4767 | D:5      | Reached XP level 8. HP: 32/61 MP: 0/14
  5086 | D:5      | Learned a level 2 spell: Sublimation of Blood
  5377 | D:5      | Found a shattered altar of Ashenzari.
  5680 | D:6      | Noticed Blork the orc
  5765 | D:6      | Reached skill level 1 in Charms
  5782 | D:6      | Noticed a white ugly thing
  5808 | D:6      | Noticed a green ugly thing
  5847 | D:6      | Reached skill level 5 in Spellcasting
  5847 | D:6      | Reached skill level 9 in Necromancy
  5873 | D:6      | Found an ornate altar of the Wu Jian Council.
  6049 | D:6      | Reached ** piety under Kikubaaqudgha
  6251 | D:6      | Found a runed door.
  6313 | D:6      | Killed Blork the orc
  6313 | D:6      | Reached XP level 9. HP: 49/66 MP: 6/16
  6690 | D:6      | Noticed Crazy Yiuf
  6695 | D:6      | Killed Crazy Yiuf
  7165 | D:7      | Found a transporter.
  7168 | D:7      | Found a transporter.
  7175 | D:7      | Noticed a troll
  7177 | D:7      | Found a radiant altar of Vehumet.
  7205 | D:7      | Found Efremat's Jewellery Shop.
  7264 | D:7      | Found a shimmering altar of Xom.
  7604 | D:8      | Reached skill level 10 in Necromancy
  7663 | D:8      | Found a staircase to the Lair.
  7670 | D:8      | Learned a level 5 spell: Borgnjor's Vile Clutch
  7788 | D:8      | Reached *** piety under Kikubaaqudgha
  7788 | D:8      | Identified Kikubaaqudgha's Volume of Darkness (Kikubaaqudgha gifted it to you on level 8 of the Dungeon)
  7788 | D:8      | Received a gift from Kikubaaqudgha
  7821 | D:8      | Noticed a two-headed ogre
  7828 | D:8      | Killed a two-headed ogre
  7828 | D:8      | Reached skill level 1 in Earth Magic
  8261 | D:8      | Found Xouneluyj's Assorted Antiques.
  8609 | D:9      | Found Samnit's Antique Weapon Boutique.
  8669 | D:9      | Mutation became permanent: You are partially covered in molten scales. (AC +2) [demonic ancestry]
  8669 | D:9      | Gained mutation: You are mostly covered in molten scales. (AC +3) [demonic ancestry]
  8669 | D:9      | Reached XP level 10. HP: 55/72 MP: 5/19
  8735 | D:9      | Reached skill level 11 in Necromancy
  8867 | D:9      | Found Gunotim's Food Shoppe.
  8876 | D:9      | Bought a ration for 65 gold pieces
  8876 | D:9      | Bought a ration for 65 gold pieces
  8876 | D:9      | Bought a ration for 65 gold pieces
  8876 | D:9      | Bought a ration for 65 gold pieces
  8924 | D:9      | Noticed a gargoyle
  8942 | D:9      | Killed a gargoyle
  9031 | D:9      | Noticed a two-headed ogre
  9036 | D:9      | Noticed a soul eater
  9057 | D:9      | Killed a two-headed ogre
  9196 | D:9      | Reached **** piety under Kikubaaqudgha
  9476 | D:9      | Reached skill level 12 in Necromancy
  9501 | D:9      | Noticed a three-headed hydra
  9508 | D:9      | Killed a three-headed hydra
  9508 | D:9      | Reached skill level 5 in Dodging
  9617 | D:9      | Found Balatuog's Book Boutique.
  9622 | D:9      | Found Suugimum's Book Emporium.
  9701 | D:10     | Entered Level 10 of the Dungeon
 10537 | D:10     | HP: 2/77 [something (6)]
 10736 | D:10     | Gained mutation: You are completely covered in molten scales. (AC +4, rF+) [demonic ancestry]
 10736 | D:10     | Reached XP level 11. HP: 30/83 MP: 16/22
 10945 | D:10     | Paralysed by a hornet for 1 turns
 11373 | D:11     | Noticed Fannar
 11386 | D:11     | Killed Fannar
 11598 | D:11     | Learned a level 5 spell: Dispel Undead
 11725 | D:11     | Noticed a red ugly thing
 11737 | D:11     | Killed a red ugly thing
 11760 | D:11     | Noticed a two-headed ogre
 11766 | D:11     | Killed a two-headed ogre
 11874 | D:11     | Noticed a two-headed ogre
 11880 | D:11     | Killed a two-headed ogre
 11927 | D:11     | Noticed a purple ugly thing
 11935 | D:11     | Killed a purple ugly thing
 11935 | D:11     | Reached ***** piety under Kikubaaqudgha
 12036 | D:11     | Reached skill level 13 in Necromancy
 12387 | D:11     | Noticed a cyan ugly thing
 12395 | D:11     | Killed an unseen horror
 12395 | D:11     | Reached skill level 1 in Staves
 12399 | D:11     | Killed a cyan ugly thing
 12633 | D:11     | Noticed a six-headed hydra
 12643 | D:11     | Killed a six-headed hydra
 13226 | D:12     | Found a staircase to the Orcish Mines.
 13579 | D:13     | Reached XP level 12. HP: 88/92 MP: 18/24
 13726 | D:13     | Noticed a seven-headed hydra
 13741 | D:13     | Killed a seven-headed hydra
 14089 | D:13     | Reached skill level 14 in Necromancy
 14449 | D:14     | Reached skill level 5 in Staves
 14453 | D:14     | Found a gate to the Vaults.
 15326 | D:10     | Reached ****** piety under Kikubaaqudgha
 15426 | Lair:1   | Entered Level 1 of the Lair of Beasts
 15875 | Lair:1   | Noticed Erica
 15884 | Lair:1   | Killed Erica
 15907 | Lair:1   | Noticed Gastronok
 16140 | Lair:1   | Killed Gastronok
 16431 | Lair:2   | You fall through a shaft!
 16440 | Lair:3   | Gained mutation: You have a pair of horns on your head. [demonic ancestry]
 16440 | Lair:3   | Reached XP level 13. HP: 69/101 MP: 16/26
 16581 | Lair:3   | Reached skill level 15 in Necromancy
 16754 | Lair:3   | Noticed Urug
 16768 | Lair:3   | Killed Urug
 18123 | Lair:4   | Found a staircase to the Shoals.
 18160 | Lair:4   | Reached skill level 1 in Armour
 18160 | Lair:4   | Reached skill level 1 in Evocations
 18216 | Lair:4   | Found a shadowy altar of Dithmenos.
 18602 | Lair:4   | Found a hole to the Spider Nest.
 19665 | Lair:5   | Reached skill level 10 in Fighting
 20049 | Lair:6   | Entered Level 6 of the Lair of Beasts
 20161 | Lair:6   | Found a staircase to the Slime Pits.
 20205 | Lair:6   | Paralysed by a hornet for 1 turns
 20229 | Lair:6   | Reached skill level 5 in Evocations
 20229 | Lair:6   | Reached XP level 14. HP: 68/110 MP: 27/27
 20478 | Lair:6   | Reached skill level 5 in Armour
 20532 | Lair:6   | Received a gift from Kikubaaqudgha
 20658 | Lair:6   | Found a dark tunnel.
 20674 | Volcano  | Entered a volcano
 21228 | Lair:6   | Reached skill level 16 in Necromancy
 22343 | D:15     | Entered Level 15 of the Dungeon
 22697 | D:15     | Reached skill level 10 in Spellcasting
 22723 | D:15     | Found a staircase to the Depths.
 23614 | Orc:1    | Entered Level 1 of the Orcish Mines
 23614 | Orc:1    | Found Guskel's Distillery.
 23798 | Orc:1    | Bought a potion of curing for 33 gold pieces
 23798 | Orc:1    | Bought a potion of curing for 33 gold pieces
 23798 | Orc:1    | Bought a potion of heal wounds for 55 gold pieces
 23798 | Orc:1    | Bought a potion of heal wounds for 55 gold pieces
 23798 | Orc:1    | Bought a potion of heal wounds for 55 gold pieces
 23798 | Orc:1    | Bought a potion of heal wounds for 55 gold pieces
 23849 | Orc:2    | Entered Level 2 of the Orcish Mines
 23991 | Orc:2    | Gained mutation: Your flesh is cold resistant. (rC+) [demonic ancestry]
 23991 | Orc:2    | Reached XP level 15. HP: 99/117 MP: 27/29
 24486 | Orc:2    | Found Roigrod's Book Boutique.
 24720 | Orc:2    | Found Xitoym's General Store.
 24735 | Orc:2    | Found Amant's Food Emporium.
 24756 | Orc:2    | Learned a level 8 spell: Infestation
 24766 | Orc:2    | Found Faobuk's Jewellery Shop.
 24769 | Orc:2    | Bought a ration for 50 gold pieces
 24769 | Orc:2    | Bought a ration for 50 gold pieces
 24769 | Orc:2    | Bought a ration for 50 gold pieces
 24769 | Orc:2    | Bought a ration for 50 gold pieces
 24774 | Orc:2    | Bought the ring of Pueta {MR+ EV+4 Str+4 Int+6 Dex-4} for 795 gold pieces
 24815 | Orc:2    | Found a staircase to the Elven Halls.
 25374 | Spider:1 | Entered Level 1 of the Spider Nest
 25426 | Spider:1 | Noticed a ghost moth
 25531 | Lair:4   | Killed a ghost moth
 25835 | Shoals:1 | Entered Level 1 of the Shoals
 25977 | Shoals:1 | Reached skill level 17 in Necromancy
 26070 | Shoals:1 | Noticed Nikola
 26080 | Shoals:1 | Killed Nikola
 26226 | Shoals:1 | Noticed Kirke
 26238 | Shoals:1 | Killed Kirke
 27460 | Shoals:3 | Noticed Donald
 28000 | Shoals:3 | Killed Donald
 28077 | Shoals:3 | Got a slimy shield {Donald}
 28078 | Shoals:3 | Identified the +2 shield of the Endless Expanse {rN+ MP+9} (You took it off Donald on level 3 of the Shoals)
 28122 | Shoals:3 | Reached skill level 10 in Evocations
 28367 | Shoals:3 | Found Jakhleufe's General Store.
 28381 | Shoals:3 | Bought a scroll of teleportation for 42 gold pieces
 28631 | Shoals:3 | Noticed Bai Suzhen
 28647 | Shoals:3 | Killed Bai Suzhen
 28857 | Shoals:4 | Entered Level 4 of the Shoals
 28869 | Shoals:4 | Reached XP level 16. HP: 99/127 MP: 20/30
 29073 | Shoals:4 | Noticed Ilsuiw
 29101 | Shoals:4 | Killed Ilsuiw
 29106 | Shoals:4 | Noticed Polyphemus
 29279 | Shoals:4 | Killed Polyphemus
 29299 | Shoals:4 | Got a barnacled rune of Zot
 29560 | Shoals:4 | Reached skill level 18 in Necromancy
 29889 | Shoals:4 | Reached skill level 10 in Staves
 30700 | D:7      | Bought an uncursed ring of poison resistance for 320 gold pieces
 30975 | Spider:1 | Noticed Agnes
 30979 | Spider:1 | Killed Agnes
 31589 | Spider:2 | Noticed Roxanne
 32817 | Spider:3 | Gained mutation: You have a pair of large horns on your head. [demonic ancestry]
 32817 | Spider:3 | Reached XP level 17. HP: 124/134 MP: 22/32
 33623 | Spider:4 | Entered Level 4 of the Spider Nest
 33861 | Spider:4 | Noticed Arachne
 33876 | Spider:4 | Killed Arachne
 33924 | Spider:4 | HP: 2/135 [wolf spider (11)]
 33924 | Spider:4 | Mangled by a wolf spider

Skill      XL: |  1  2  3  4  5  6  7  8  9 10 11 12 13 14 15 16 17 |
---------------+----------------------------------------------------+-----
Necromancy     | 5 6 8 9 10 12 13 14 15 16 17 18 | 18.7
Stealth        | 2 |  2.0
Fighting       | 1 2 3 4 5 6 8 9 10 11 12 | 12.5
Spellcasting   | 3 4 5 6 7 8 9 10 11 | 11.7
Dodging        | 2 4 5 6 |  6.6
Charms         | 1 2 |  2.9
Earth Magic    | 2 3 |  3.4
Staves         | 3 6 7 8 9 10 | 10.5
Armour         | 4 5 |  5.0
Evocations     | 5 8 10 11 12 | 12.2
Maces & Flails | |  0.6

Action                   |  1- 3 |  4- 6 |  7- 9 | 10-12 | 13-15 | 16-18 || total
-------------------------+-------+-------+-------+-------+-------+-------++-------
Melee: Mace              |    26 |    46 |    33 |       |       |       ||   105
       Unarmed           |     2 |       |     1 |       |       |       ||     3
       Headbutt          |       |     3 |    25 |    42 |    76 |    17 ||   163
       Bite              |       |       |    14 |    27 |    45 |    12 ||    98
       Whip              |       |       |    67 |       |       |       ||    67
       Quarterstaff      |       |       |   101 |   245 |    32 |       ||   378
       Staff             |       |       |       |       |   316 |    92 ||   408
 Cast: Pain              |    31 |    36 |    71 |    47 |    42 |       ||   227
       Animate Skeleton  |    13 |    10 |    10 |     6 |    22 |     3 ||    64
       Vampiric Draining |       |     2 |    40 |    83 |   130 |    18 ||   273
       Regeneration      |       |     1 |       |    24 |    70 |    17 ||   112
       Sublimation of Bl |       |       |     7 |    80 |    83 |    25 ||   195
       Animate Dead      |       |       |     7 |    47 |   109 |    66 ||   229
       Borgnjor's Vile C |       |       |       |    63 |   133 |    58 ||   254
       Dispel Undead     |       |       |       |    21 |    15 |       ||    36
       Infestation       |       |       |       |       |     3 |     4 ||     7
Invok: Receive Corpses   |       |       |       |       |    10 |    14 ||    24
       Receive Necronomi |       |       |       |       |     1 |       ||     1
Evoke: Wand              |       |       |       |     6 |     8 |       ||    14
       Sack of spiders   |       |       |       |     2 |     2 |       ||     4
  Use: Scroll            |     6 |     3 |     9 |    13 |    13 |     3 ||    47
       Potion            |     5 |     3 |     3 |     5 |     7 |     3 ||    26
 Stab: Sleeping          |     2 |     1 |     3 |     2 |     3 |       ||    11
       Petrified         |       |       |       |     4 |       |       ||     4
       Petrifying        |       |       |       |     2 |       |       ||     2
       Distracted        |       |       |       |     1 |     7 |     3 ||    11
  Eat: Chunk             |     4 |     3 |     9 |     4 |    16 |     9 ||    45
       Ration            |       |     1 |     3 |    16 |    23 |     7 ||    50
Armor: Robe              |     7 |    13 |   115 |   144 |   110 |    70 ||   459
       Skin              |       |       |       |    32 |    15 |       ||    47
Dodge: Dodged            |    28 |    36 |   194 |   415 |   536 |   219 ||  1428
